 Dungeon Crawl Stone Soup version 0.30.1-11-g7821555f0a (webtiles) character file.

Game seed: 12975543234794834208

8 dchavez06 the Conjurer (level 2, 0/20 HPs)
             Began as a Draconian Conjurer on Dec 21, 2023.
             Succumbed to a kobold's poison
             ... on level 1 of the Dungeon.
             The game lasted 00:01:40 (406 turns).

dchavez06 the Conjurer (Draconian Conjurer)          Turns: 406, Time: 00:01:40

Health: 0/20       AC:  4    Str:  9    XL:     2   Next: 0%
Magic:  4/5        EV: 12    Int: 18    God:
Gold:   7          SH:  0    Dex:  9    Spells: 4/5 levels left

rFire   . . .        (no weapon)
rCold   . . .        (no shield)
rNeg    . . .        (body armour unavailable)
rPois   .            (helmet restricted)
rElec   .            (no cloak)
rCorr   .            (no gloves)
SInv    .            (no boots)
Will    .....        (no amulet)
Stlth   ++           (no ring)
HPRegen 0.23/turn    (no ring)
MPRegen 0.09/turn

%: no passive effects
@: brilliant, lethally poisoned (0 -> -3)
A: AC +4, unfitting armour, cold-blooded
a: no special abilities


You were on level 1 of the Dungeon.
You visited 1 branch of the dungeon, and saw 1 of its levels.

You collected 7 gold pieces.

Inventory:

Scrolls
 c - 2 scrolls of identify {unknown}
 d - a scroll of magic mapping {unknown}


   Skills:
 + Level 1.8 Dodging
 + Level 1.9 Stealth
 + Level 2.0 Spellcasting
 + Level 4.3 Conjurations


You had 4 spell levels left.
You knew the following spells:

 Your Spells              Type           Power      Damage    Failure   Level
a - Magic Dart            Conj           100%       1d8       3%          1

Your spell library contained the following spells:

 Spells                   Type           Power      Damage    Failure   Level
 Searing Ray              Conj           52%        2d6       4%          2
 Dazzling Flash           Conj/Hex       28%        N/A       22%         3
 Fulminant Prism          Conj/Hex       7%         3d6       58%         4
 Iskenderun's Mystic Bla  Conj/Tloc      14%        2d5       58%         4


Dungeon Overview and Level Annotations

Branches:
Dungeon (1/15)

Altars:


Innate Abilities, Weirdness & Mutations

Your plain brown scales are hard. (AC +4)
You cannot fit into any form of body armour.
You are cold-blooded and may be slowed by cold attacks.


Message History

You barely miss the kobold.
The kobold is heavily wounded.
The kobold hits you with a +0 dagger of venom.
You are poisoned.
You hit the kobold.
The kobold is severely wounded.
You feel sick. The kobold closely misses you.
It was a potion of brilliance.
You feel clever all of a sudden.
You feel sick.
The kobold hits you with a +0 dagger of venom.
Magic courses through your body.
You feel sick. The bat hits you but does no damage.
The kobold hits you with a +0 dagger of venom.
You are lethally poisoned!
Casting: Magic Dart (safe; 3% risk of failure)
Confirm with . or Enter, or press ? or * to list all spells.
Aiming: Magic Dart (safe; 3% risk of failure)
Press: ? - help, Shift-Dir - straight line, f/p - kobold
Aim: a kobold, wielding a +0 dagger of venom and quivering stones (heavily wounded, 100% to hit)
You feel a surge of power!
The magic dart hits the kobold.
You kill the kobold!
* * * LOW HITPOINT WARNING * * *
You feel sick. The bat hits you but does no damage.
You have reached level 2!
There is a lethal amount of poison in your body!
* * * LOW HITPOINT WARNING * * *
You feel sick. The bat barely misses you.
There is a stone staircase leading down here.
You aren't carrying any potions.
You closely miss the bat.
Your tail-slap misses the bat.
* * * LOW HITPOINT WARNING * * *
You feel sick. The bat hits you but does no damage.
* * * LOW HITPOINT WARNING * * *
You feel sick. The bat barely misses you.
* * * LOW HITPOINT WARNING * * *
You feel sick. The bat hits you but does no damage.
Things that are here:
a +0 dagger of venom; a stone; a kobold corpse You die...

.# .# ## .r #.
.# # #) .##>#
#. ... #.
######b######
#.
#.>.)@.......
#.
#.##.########
#. #.# #.##.#
#. #.# #.##.#
#. #.# #.##.#
###. #.# #.##.#
#... #.# #.##.#
#.#. #.# #.##.#
#####.##
####.#######.#
#########.....#


You could see a bat and a rat (wandering).

Vanquished Creatures
  3 bats (D:1)
  A goblin (D:1)
  2 kobolds (D:1)
  A rat (D:1)
7 creatures vanquished.

Notes
Turn   | Place    | Note
-------+----------+-------------------------------------------
     0 | D:1      | dchavez06 the Draconian Conjurer began the quest for the
                  | Orb.
     0 | D:1      | Reached XP level 1. HP: 14/14 MP: 3/3
   402 | D:1      | Reached XP level 2. HP: 6/20 MP: 3/5
   405 | D:1      | HP: 1/20 [poisoned by a kobold]
   406 | D:1      | Succumbed to a kobold's poison

Illustrated notes

Levels and vault maps discovered:
D:1:      scummos_arrival_simple_fountains, layout_loops_ring, serial_shops,
          nicolae_lakefront_shop, corexii_item_surrounded_by_moat,
          amcnicky_mini_corridor_feature

Action                     || total
---------------------------++-------
  Melee: Unarmed           ||     4
         Tailslap          ||     1
   Cast: Magic Dart        ||    14
    Use: Potion            ||     2
 Armour: Skin              ||     5
  Dodge: Dodged            ||     7
